 Dungeon Crawl Stone Soup version 0.31.0-11-ge490571c62 (webtiles) character file.

Game seed: 6187188408980898021

9039 mopl the Summoner (level 11, -2/96 HPs)
             Began as a Tengu Summoner on Feb 7, 2024.
             Was an Elder of Sif Muna.
             Hit by a large rock thrown by a cyclops (13 damage)
             ... on level 9 of the Dungeon.
             The game lasted 00:17:07 (7841 turns).

mopl the Summoner (Tengu Summoner)                  Turns: 7841, Time: 00:17:07

Health: -2/96      AC: 25    Str:  8    XL:     11   Next: 40%
Magic:  4/25       EV:  2    Int: 20    God:    Sif Muna [****..]
Gold:   401        SH:  0    Dex: 15    Spells: 7/29 levels left

rFire   . . .        b - +2 glaive (vamp)
rCold   . . .        (shield currently unavailable)
rNeg    . . .        G - melded +5 ring mail of Tartarus {rF+}
rPois   +            (helmet currently unavailable)
rElec   .            (cloak currently unavailable)
rCorr   .            x - melded +0 pair of gloves
SInv    .            (boots unavailable)
Will    +....        (no amulet)
Stlth   ++           h - +5 ring of evasion
HPRegen 0.36/turn    M - ring of poison resistance
MPRegen 0.19/turn

%: acrobat
@: tree-form (expiring), forested, enlightened, studying Ranged Weapons, inugami
summoned
A: stationary, stasis, torment immunity, boosted hp, (beak), (talons 3), evasive
flight, acrobatic
a: Renounce Religion, Channel Magic, Forget Spell, Divine Exegesis


You were on level 9 of the Dungeon.
You worshipped Sif Muna.
Sif Muna was greatly pleased with you.
You were a tree.
You visited 1 branch of the dungeon, and saw 9 of its levels.
You also visited: Bailey.

You collected 455 gold pieces.
You spent 54 gold pieces at shops.

Inventory:

Hand Weapons
 a - a +3 spear
 b - a +2 vampiric glaive (weapon)
 l - a +0 scythe of flaming
 F - the +9 war axe "Rias" {freeze, rElec rF+}
   (You found it in a bailey)

   rF+:       It protects you from fire.
   rElec:     It insulates you from electricity.
Missiles
 q - 27 poisoned darts
 s - 5 boomerangs
 Q - 2 curare-tipped darts
Armour
 c - a +0 robe
 x - a +0 pair of gloves (melded)
 y - an orb of energy
 B - a +2 leather armour of cold resistance
 G - the +5 ring mail of Tartarus (melded) {rF+}
   (You found it in a bailey)

   rF+:       It protects you from fire.
Jewellery
 h - a +5 ring of evasion (left branch)
 u - a ring of resist corrosion
 K - a +6 ring of dexterity
 M - a ring of poison resistance (right branch)
 N - a ring of protection from fire
 S - a +4 ring of protection
Wands
 w - a wand of charming (9)
 A - a wand of iceblast (5)
 P - a wand of digging (7)
Scrolls
 d - 4 scrolls of teleportation {unknown}
 e - 3 scrolls of identify {unknown}
 g - 2 scrolls of enchant weapon {unknown}
 k - 2 scrolls of poison {unknown}
 n - a scroll of summoning {unknown}
 o - a scroll of silence {unknown}
 t - 2 scrolls of blinking {unknown}
 C - a scroll of fog {unknown}
 H - a scroll of immolation {unknown}
 I - a scroll of amnesia {unknown}
 J - a scroll of revelation {unknown}
 O - a scroll of enchant armour {unknown}
Potions
 f - 3 potions of lignification
 i - a potion of magic
 j - a potion of might {unknown}
 m - 4 potions of enlightenment
 p - a potion of berserk rage {unknown}
 r - 2 potions of haste {unknown}
 v - a potion of curing {unknown}
 z - 2 potions of degeneration {unknown}
 D - a potion of mutation {unknown}
 E - 3 potions of invisibility {unknown}
 L - 2 potions of brilliance {unknown}
Miscellaneous
 R - a lightning rod (3/4)


   Skills:
 + Level 5.2 Fighting
 + Level 5.7 Polearms
 - Level 2.1 Dodging
 - Level 2.0 Stealth
 * Level 9.9 Spellcasting
 * Level 13.4 Summonings
 + Level 2.5 Translocations
 + Level 3.2 Invocations


You had 7 spell levels left.
You knew the following spells:

 Your Spells              Type           Power      Damage    Failure   Level
a - Summon Lightning Spi  Summ/Air       36%        N/A       4%          4
b - Call Imp              Summ           100%       N/A       1%          2
c - Call Canine Familiar  Summ           59%        N/A       1%          3
d - Summon Ice Beast      Ice/Summ       36%        N/A       1%          3
e - Summon Small Mammal   Summ           100%       N/A       1%          1
f - Summon Forest         Summ/Tloc      20%        N/A       8%          5
g - Summon Blazeheart Go  Fire/Summ      36%        N/A       4%          4

Your spell library contained the following spells:

 Spells                   Type           Power      Damage    Failure   Level
 Lesser Beckoning         Tloc           40%        N/A       3%          2
 Gell's Gravitas          Tloc           20%        N/A       8%          3
 Teleport Other           Tloc           20%        N/A       8%          3
 Cigotuvi's Dreadful Rot  Necr/Alch/Air  18%        N/A       11%         2
 Ensorcelled Hibernation  Hex/Ice        18%        N/A       11%         2
 Static Discharge         Conj/Air       18%        3-4/arc   11%         2
 Hailstorm                Conj/Ice       9%         3d6       22%         3
 Ozocubu's Armour         Ice            9%         N/A       22%         3
 Passwall                 Erth           9%         N/A       22%         3
 Swiftness                Air            9%         N/A       22%         3
 Vhi's Electric Charge    Tloc/Air       28%        N/A       38%         4
 Airstrike                Air            4%         2d(1-17)  56%         4
 Ignite Poison            Fire/Alch      9%         N/A       56%         4
 Arcjolt                  Conj/Air       4%         1d14      89%         5
 Freezing Cloud           Conj/Ice/Air   4%         6-21      89%         5
 Metabolic Englaciation   Hex/Ice        4%         N/A       89%         5
 Conjure Ball Lightning   Conj/Air       4%         3x3d6     100%        6
 Plasma Beam              Fire/Air       4%         2x1d14    100%        6
 Sculpt Simulacrum        Ice/Alch       4%         N/A       100%        6
 Discord                  Hex            4%         N/A       100%        8
 Disjunction              Tloc           10%        N/A       100%        8


Dungeon Overview and Level Annotations

Branches:
Dungeon (9/15)             Temple (0/1) D:7          Bailey (visited)
   Lair: D:8-11         Orc: D:9-12

Altars:
Elyvilon
Hepliaklqana
Nemelex Xobeh
Ru
Sif Muna
Vehumet

Shops:
D:4 *


Innate Abilities, Weirdness & Mutations

You are a tree.
Your roots penetrate the ground, keeping you stationary.
You cannot be teleported.
You are immune to unholy pain and torment.
Your maximum health is greatly increased.
Your equipment is partially melded.
((You have a beak for a mouth.))
((You have claws for feet.))
Your magical flight helps you evade attacks. (EV +4)
You can magically evade attacks while moving or waiting.


Message History

Your ice beast hits the deep elf pyromancer but does no damage.
Your cerulean imp barely misses the deep elf pyromancer.
Your inugami hits the deep elf pyromancer but does no damage.
Your dryad hits the deep elf pyromancer!
The deep elf pyromancer casts a spell.
Send 'em back where they came from!
Your lightning spire disappears in a puff of smoke!
Your ice beast disappears in a puff of smoke!
Your cerulean imp disappears in a puff of smoke!
Your dryad disappears in a puff of smoke!
Your inugami shudders.
Unknown command.
Aiming: Iceblast
Press: ? - help, Shift-Dir - straight line
Okay, then.
Unknown command.
Unknown command.
Aiming: Iceblast
Press: ? - help, Shift-Dir - straight line
Okay, then.
Unknown command.
Casting: Call Canine Familiar (safe; 1% risk of failure)
Confirm with . or Enter, or press ? or * to list all spells.
An electric hum fills the air.
The deep elf pyromancer shouts!
Your inugami hits the deep elf pyromancer!
The deep elf pyromancer dies!
Sif Muna accepts your kill.
The fire elemental disappears in a puff of smoke!
Unknown command.
It was a potion of enlightenment.
Your roots keep you in place.
The gnoll barely misses you.
The cyclops throws a large rock.
The large rock hits you!
* * * LOW HITPOINT WARNING * * *
Casting: Summon Lightning Spire (dangerous; 4% risk of failure)
Confirm with . or Enter, or press ? or * to list all spells.
A chill wind blows around you. The gnoll hits you but does no damage.
An ice beast comes into view.
The cyclops throws a large rock.
The large rock hits you!
You die...

.........##.##.#.........#
.............#.........###
.........................##
....Y.♣....##.....†.......#
......>....#....###.......#
...........#♣.#.#♣#.<.....#
....§#....8.Y.#...........#
..#.§##.##)g...§.......#.##
..#§§ #..##♣.°○.......## #
.# #.# ♣...§........ .. ..#
#♣....)....... ..#
#............ ...
#C.h.......... #†♣......
....≈≈≈._ .##...≈.. ..
.≈.≈≈.


You could see a cyclops (ally target), an ice beast, a gnoll (ally target), a
friendly lightning spire (summoned), a friendly ice beast (summoned) and a
friendly inugami (summoned).

Vanquished Creatures
  A centaur warrior (D:9)
  A tengu warrior (D:9)
  2 polar bears (D:9)
  A hornet (D:8)
  Sigmund (D:2)
  A shadow (D:9)
  7 yaks (D:9)
  A steam dragon (D:7)
  2 water moccasins
  An ice beast (D:5)
  A black bear (D:4)
  A centaur (D:8)
  2 kobold brigands (D:9)
  A bullfrog (D:7)
  A gnoll sergeant (D:9)
  A wight (D:7)
  2 oklob saplings (D:8)
  A vampire bat (Bailey)
  6 wolf zombies (Bailey)
  A howler monkey (D:7)
  A jelly (D:8)
  5 hounds
  An orc priest (D:7)
  A sleepcap (D:6)
  An iguana (D:6)
  5 gnolls
  8 adders
  5 dart slugs
  3 ribbon worms
  5 orcs
  2 bats
  6 endoplasms
  A giant cockroach (D:4)
  12 goblins
  6 hobgoblins
  6 jackals
  16 kobolds
  5 quokkas
  15 ball pythons
  5 frilled lizards
  17 orc zombies (Bailey)
  8 rats
169 creatures vanquished.

Vanquished Creatures (collateral kills)
  A deep elf pyromancer (D:9)
  A gargoyle (Bailey)
  A kobold demonologist (D:9)
  An unseen horror (D:8)
  A polar bear (D:9)
  A hornet (D:8)
  A vampire (Bailey)
  A wyvern (D:9)
  An unseen horror simulacrum (D:9)
  A yak (D:9)
  2 water moccasins
  3 ice beasts
  An ogre (D:5)
  A wolf (D:9)
  A centaur (D:9)
  A gnoll sergeant (D:9)
  A scorpion (D:6)
  2 wights (D:7)
  4 howler monkeys (D:9)
  A wolf zombie (Bailey)
  4 vampire bats (Bailey)
  A wyvern simulacrum (D:9)
  A jelly (D:6)
  4 orc priests
  2 bombardier beetles
  A hound (D:6)
  3 orc wizards
  A centaur simulacrum (D:9)
  2 adders (D:8)
  16 gnolls
  2 white imps
  2 ufetubi (D:5)
  11 orcs
  A goblin (D:4)
  2 jackals
  A quokka (D:5)
  2 ball pythons
  6 kobolds (D:9)
  A butterfly (D:7)
90 creatures vanquished.

Vanquished Creatures (others)
  A blazeheart core (D:9)
1 creature vanquished.

Grand Total: 260 creatures vanquished

Notes
Turn   | Place    | Note
-------+----------+-------------------------------------------
     0 | D:1      | mopl the Tengu Summoner began the quest for the Orb.
     0 | D:1      | Reached XP level 1. HP: 10/10 MP: 4/4
   156 | D:1      | Reached skill level 5 in Summonings
   158 | D:1      | Reached XP level 2. HP: 15/15 MP: 6/6
   292 | D:1      | Learned a level 2 spell: Call Imp
   388 | D:1      | Found a faded altar of an unknown god.
   557 | D:1      | Reached XP level 3. HP: 15/19 MP: 7/7
   561 | D:1      | Learned a level 3 spell: Call Canine Familiar
  1017 | D:2      | Reached XP level 4. HP: 16/24 MP: 6/9
  1028 | D:2      | Reached skill level 6 in Summonings
  1037 | D:2      | Learned a level 3 spell: Summon Ice Beast
  1151 | D:2      | Reached XP level 5. HP: 28/28 MP: 8/11
  1382 | D:2      | Noticed Sigmund
  1400 | D:2      | Killed Sigmund
  1401 | D:2      | Reached skill level 7 in Summonings
  1401 | D:2      | Reached XP level 6. HP: 22/32 MP: 10/13
  1856 | D:3      | Learned a level 4 spell: Summon Blazeheart Golem
  2367 | D:3      | Found a sacrificial altar of Ru.
  2970 | D:4      | Found Eclohy Udei's Assorted Antiques.
  2980 | D:4      | Bought a scroll labelled XOOSEE WUQY for 27 gold pieces
  2980 | D:4      | Bought a scroll labelled BEUXZYNWEK for 27 gold pieces
  3047 | D:4      | Gained mutation: Your magical flight helps you evade
                  | attacks. (EV +4) [Tengu growth]
  3047 | D:4      | Reached XP level 7. HP: 30/36 MP: 15/15
  3090 | D:4      | Found a hazy altar of Hepliaklqana.
  3101 | D:4      | Reached skill level 5 in Spellcasting
  3310 | D:4      | Reached skill level 8 in Summonings
  3381 | D:4      | Found a shimmering blue altar of Sif Muna.
  3383 | D:4      | Found a radiant altar of Vehumet.
  3434 | D:4      | Became a worshipper of Sif Muna the Loreminder
  3743 | D:5      | Entered Level 5 of the Dungeon
  3873 | D:5      | Reached skill level 9 in Summonings
  3873 | D:5      | Reached XP level 8. HP: 41/41 MP: 12/18
  4096 | D:5      | Learned a level 4 spell: Summon Lightning Spire
  4264 | D:6      | Reached * piety under Sif Muna
  4577 | D:6      | Reached skill level 10 in Summonings
  4903 | D:6      | Found a sparkling altar of Nemelex Xobeh.
  5262 | D:7      | Reached skill level 1 in Fighting
  5262 | D:7      | Reached skill level 1 in Polearms
  5292 | D:7      | Reached XP level 9. HP: 26/47 MP: 15/20
  5304 | D:7      | Found a flagged portal.
  5374 | Bailey   | Entered a bailey
  5730 | Bailey   | Reached ** piety under Sif Muna
  5908 | Bailey   | Noticed a gargoyle
  5921 | Bailey   | Killed a gargoyle
  5922 | Bailey   | Reached skill level 11 in Summonings
  6115 | Bailey   | Identified the +9 war axe "Rias" {freeze, rElec rF+}
  6119 | Bailey   | Identified the +5 ring mail of Tartarus {rF+}
  6441 | D:7      | Found a staircase to the Ecumenical Temple.
  6533 | D:8      | Killed an unseen horror
  6534 | D:8      | Reached XP level 10. HP: 48/56 MP: 21/23
  6618 | D:8      | Reached skill level 12 in Summonings
  6618 | D:8      | Reached skill level 1 in Invocations
  6644 | D:8      | Reached *** piety under Sif Muna
  7062 | D:8      | Got Unwuw's Volume of Nature
  7118 | D:8      | Learned a level 5 spell: Summon Forest
  7287 | D:9      | Reached skill level 1 in Translocations
  7546 | D:9      | Noticed a kobold demonologist
  7553 | D:9      | Reached skill level 5 in Polearms
  7555 | D:9      | Reached XP level 11. HP: 42/62 MP: 14/25
  7573 | D:9      | Noticed a soul eater
  7574 | D:9      | Reached skill level 13 in Summonings
  7577 | D:9      | Noticed a tengu warrior
  7600 | D:9      | Killed a tengu warrior
  7632 | D:9      | Noticed a deep elf pyromancer
  7767 | D:9      | Reached **** piety under Sif Muna
  7768 | D:9      | Reached skill level 5 in Fighting
  7805 | D:9      | Found a white marble altar of Elyvilon.
  7807 | D:9      | Noticed a centaur warrior
  7818 | D:9      | Killed a centaur warrior
  7829 | D:9      | Noticed a deep elf pyromancer
  7837 | D:9      | Noticed a cyclops
  7839 | D:9      | Killed a deep elf pyromancer
  7841 | D:9      | Hit by a large rock thrown by a cyclops

Illustrated notes

Levels and vault maps discovered:
D:1:      giann_wishing_wells, layout_basic,
          dreamdust_ecumenical_altar_hidden_monk_grotto, minmay_misc_feat_room,
          chequers_avenue, palyth_stone_intersect, nicolae_grassy_gnolls
D:2:      layout_basic, uniq_sigmund
D:3:      layout_loops_ring, nicolae_overflow_hidden_temple, feat_on_display
D:4:      corexii_shack_village, layout_gridville, nicolae_overflow_squiral,
          nicolae_hepliaklqana_hazy_memory, serial_shops,
          nicolae_shop_overgrown_old_shop
D:5:      layout_rooms
D:6:      layout_basic, kennysheep_mini
D:7:      layout_rooms, minmay_temple_entry_butterflies, enter_bailey_8
D:8:      layout_cave_pools, introduction_to_nature_2
D:9:      layout_cave_pools, nicolae_uskayaw_dance_hall,
          mainiacjoe_overflow_large_starburst, serial_ice, serial_ice_b,
          serial_ice_j, serial_ice_n, serial_ice_g, serial_ice_d, minivault_28

Skill      XL: |  1  2  3  4  5  6  7  8  9 10 11 |
---------------+----------------------------------+-----
Summonings     | 5 6 7 9 10 11 12 13 | 13.4
Spellcasting   | 3 4 6 7 8 9 |  9.9
Fighting       | 1 3 4 5 |  5.2
Polearms       | 1 3 5 |  5.7
Invocations    | 2 3 |  3.2
Translocations | 1 2 |  2.5
Dodging        | |  2.1
Stealth        | |  2.0

Action                     |  1- 3 |  4- 6 |  7- 9 | 10-12 || total
---------------------------+-------+-------+-------+-------++-------
  Melee: Unarmed           |    11 |       |       |       ||    11
         Kick              |    17 |    28 |    82 |    22 ||   149
         Dagger            |    60 |   102 |   100 |       ||   262
         Peck              |    10 |    18 |    59 |    16 ||   103
         Spear             |       |     3 |   386 |    12 ||   401
         Halberd           |       |       |     5 |       ||     5
         Punch             |       |       |     3 |     3 ||     6
         Glaive            |       |       |    15 |     3 ||    18
         War axe           |       |       |     9 |    77 ||    86
   Cast: Call Canine Famil |     2 |     4 |    15 |     6 ||    27
         Call Imp          |       |     2 |     4 |     2 ||     8
         Summon Ice Beast  |       |       |    14 |     9 ||    23
         Summon Lightning  |       |       |     1 |    10 ||    11
         Summon Blazeheart |       |       |       |     2 ||     2
         Summon Forest     |       |       |       |     1 ||     1
  Evoke: Lightning rod     |       |       |       |     2 ||     2
    Use: Potion            |       |       |       |     2 ||     2
   Stab: Sleeping          |     4 |    13 |     6 |       ||    23
         Distracted        |       |       |     5 |     1 ||     6
 Armour: Robe              |    19 |    50 |    80 |       ||   149
         Ring mail         |       |       |    14 |    80 ||    94
         Skin              |       |       |       |     9 ||     9
  Dodge: Dodged            |    41 |    55 |   266 |   154 ||   516
